 Dungeon Crawl Stone Soup version 0.30.0-5-g1a98f26d00 (webtiles) character file.

Game seed: 4053325389957582598

2723 ProzacElf the Spear-Bearer (level 9, -14/64 HPs)
             Began as a Merfolk Monk on May 9, 2023.
             Was a High Priest of Qazlal.
             Demolished by a white ugly thing (31 damage)
             ... on level 7 of the Dungeon.
             The game lasted 00:13:11 (6011 turns).

ProzacElf the Spear-Bearer (Merfolk Monk)           Turns: 6011, Time: 00:13:11

Health: -14/64     AC: 11    Str: 22    XL:     9   Next: 67%
Magic:  24/24      EV: 17    Int:  9    God:    Qazlal [*****.]
Gold:   471        SH:  6    Dex: 16    Spells: 8/8 levels left

rFire   + . .        b - +8 falchion of the Mauling Seer {venom, Will+ MP+9}
rCold   + . .        d - orb {light}
rNeg    . . .        P - +1 ring mail {rF+}
rPois   .            s - +1 helmet
rElec   .            (no cloak)
rCorr   .            (no gloves)
SInv    .            g - +2 pair of boots
Will    +....        (no amulet)
Stlth   +            j - +5 ring of evasion {=R}
HPRegen 0.30/turn    o - +6 ring of strength
MPRegen 0.19/turn

%: repel missiles
@: about to teleport, protected from cold, glowing
A: (nimble swimmer 2), mertail
a: Renounce Religion, Upheaval, Elemental Force, Disaster Area


You were on level 7 of the Dungeon.
You worshipped Qazlal.
Qazlal was extremely pleased with you.
You visited 1 branch of the dungeon, and saw 7 of its levels.

You collected 471 gold pieces.

Inventory:

Hand Weapons
 a - a +0 trident
 b - the +8 falchion of the Mauling Seer (weapon) {venom, Will+ MP+9}
   (You took it off a centaur on level 6 of the Dungeon)

   MP:        It affects your magic capacity (+9).
   Will:      It increases your willpower.
 G - a +0 scythe
 O - the +10 whip of Zuruwat {heavy, rC- MP+9 Dex+7}
   (You found it on level 5 of the Dungeon)

   Dex:       It affects your dexterity (+7).
   rC:        It makes you vulnerable to cold.
   MP:        It affects your magic capacity (+9).
Missiles
 e - 5 curare-tipped darts (quivered)
 D - 6 boomerangs
 E - 10 poisoned darts
Armour
 d - an orb of light (worn)
 g - a +2 pair of boots (worn)
 s - a +1 helmet (worn)
 P - a +1 ring mail of fire resistance (worn)
Magical Staves
 k - a staff of earth
Jewellery
 j - a +5 ring of evasion (left hand) {=R}
 m - a ring of positive energy
 o - a +6 ring of strength (right hand)
 t - a ring of resist corrosion
 u - a ring of magical power
 x - a ring of magical power
 L - a ring of positive energy
Wands
 z - a wand of charming (2)
Scrolls
 f - 3 scrolls of summoning {unknown}
 i - 2 scrolls of enchant armour {unknown}
 n - 5 scrolls of teleportation
 p - 3 scrolls of noise {unknown}
 r - a scroll of torment {unknown}
 w - a scroll of amnesia {unknown}
 A - 6 scrolls of identify {unknown}
 B - a scroll of fog {unknown}
 F - a scroll of vulnerability {unknown}
 I - 3 scrolls of blinking {unknown}
 J - a scroll of brand weapon {unknown}
 K - 6 scrolls of magic mapping {unknown}
 N - a scroll of immolation {unknown}
Potions
 c - 2 potions of ambrosia {!e}
 h - a potion of lignification {unknown}
 l - 3 potions of brilliance {unknown}
 q - 4 potions of curing
 C - a potion of resistance


   Skills:
 - Level 3.2 Fighting
 - Level 12.0 Polearms
 - Level 4.0 Dodging
 - Level 5.0 Stealth
 + Level 9.2 Invocations


You had 8 spell levels left.
You didn't know any spells.
Your spell library contained the following spells:

 Spells                   Type           Power      Damage    Failure   Level
 Sting                    Tmut/Pois      0%         1d3       54%         1
 Summon Small Mammal      Summ           0%         N/A       54%         1
 Poisonous Vapours        Pois/Air       0%         N/A       69%         2
 Call Canine Familiar     Summ           0%         N/A       89%         3
 Mephitic Cloud           Conj/Pois/Air  0%         N/A       89%         3
 Summon Guardian Golem    Hex/Summ       0%         N/A       89%         3
 Vhi's Electric Charge    Tloc/Air       0%         N/A       89%         3
 Summon Ice Beast         Ice/Summ       0%         N/A       100%        4
 Arcjolt                  Conj/Air       0%         1d10      100%        5
 Freezing Cloud           Conj/Ice/Air   0%         6-21      100%        5
 Statue Form              Tmut/Erth      0%         N/A       100%        6
 Maxwell's Capacitive Co  Air            0%         ∞         100%        8


Dungeon Overview and Level Annotations

Branches:
Dungeon (7/15)
 Temple: D:4-7

Altars:
Cheibriados
Dithmenos
Elyvilon
Qazlal
Zin
The Shining One

Shops:
D:1 :   D:4 *


Innate Abilities, Weirdness & Mutations

((You are very nimble when in or above water. (Stealth+, EV+, Speed+++)))
Your lower body shifts to a powerful aquatic tail in water.


Message History

Tha shadow be moderately damaged.
Ye hear a shout!
Tha shadow hits ye.
A red ugly thin' comes inta view.
Ye take 6 damage, an' haf 58/64 hp.
Ye slash tha shadow!
Tha shadow be severely damaged.
Tha shadow barely misses ye.
Ye barely miss tha shadow.
Tha shadow be severely damaged.
Ye hear a shout!
Ye hit tha white ugly thin'.
Tha white ugly thin' be lightly wounded.
Ye hear a shout! x2
Tha white ugly thin' completely misses ye.
Ye barely miss tha white ugly thin'.
Tha white ugly thin' be lightly wounded.
Tha white ugly thin' misses ye.
Tha shadow slips inta darkness.
Tha shadow flickers an' vanishes fer a momn't.
Aimin': Charm
Press: ? - help, Shift-Dir - straight line, f - white ugly thin'
Aim: a white ugly thin' (lightly wounded, haloed, chance ta affect: 31%) Tha white ugly thin' easily resists.
Ye block tha white ugly thin''s attack.
Aimin': Charm
Press: ? - help, Shift-Dir - straight line, f/p - white ugly thin'
Aim: a white ugly thin' (lightly wounded, haloed, chance ta affect: 31%) Tha white ugly thin' easily resists.
Tha white ugly thin' gores ye.
Tha white ugly thin' freezes ye!!
Ouch! Tha re'lly hurt!
Ye take 36 damage, an' haf 24/64 hp.
MASSIVE DAMAGE!!
As ye read tha scroll labelled SEURPH QETI, it crumbles ta dust.
Ye feel strangely unst'ble.
It was a scroll o' teleportation.
Tha white ugly thin' misses ye.
Tha white ugly thin' attacks as ye move away!
Tha white ugly thin' gores ye!
* * * LOW HITPOINT WARNIN'
* * * Tha white ugly thin' freezes ye!!
Ye feel protected from cold.
Ye die...

..###P. ~≈~≈~ .~≈~. )~. ... ♣.♣
♣u♣ ### ♣u♣## ### #.#
♣♣♣.@.♣♣♣♣♣ ♣♣.♣♣#.# ♣♣♣♣
♣♣.♣♣♣♣.♣♣)♣♣♣...♣#.##
♣..♣♣♣.♣..[♣♣..♣†.........#
♣♣♣.♣.♣♣♣..♣♣.♣♣♣♣♣...♣#..#
♣♣.♣♣ ♣....♣♣ ♣♣.♣♣#..# #####
###### ##### #..# #
#<#.######..## #..#####.#
#.##.#.#.##<......# #........#
#...........###...####..#######


You could see 2 ugly things.

Vanquished Creatures
  Sigmund (D:5)
  Edmund (D:4)
  A water moccasin (D:7)
  2 ice beasts (D:6)
  A black bear (D:6)
  A centaur (D:6)
  2 kobold brigands (D:4)
  3 bullfrogs
  2 scorpions (D:5)
  13 wights
  5 orc priests
  2 hounds
  A jelly (D:4)
  4 iguanas
  3 sleepcaps
  4 orc wizards
  15 gnolls
  3 adders
  2 white imps
  3 worms
  4 dart slugs
  21 orcs
  4 ball pythons
  7 bats
  10 endoplasms
  4 giant cockroaches
  7 goblins
  8 hobgoblins
  2 quokkas
  4 frilled lizards
  47 kobolds
  11 rats
198 creatures vanquished.

Notes
Turn   | Place    | Note
-------+----------+-------------------------------------------
     0 | D:1      | ProzacElf the Merfolk Monk began the quest for the Orb.
     0 | D:1      | Reached XP level 1. HP: 18/18 MP: 1/1
    27 | D:1      | Reached skill level 1 in Stealth
    53 | D:1      | Reached XP level 2. HP: 23/24 MP: 2/2
   142 | D:1      | Found Nerrurph's Book Shop.
   508 | D:1      | Reached XP level 3. HP: 29/29 MP: 3/3
   655 | D:1      | Found a faded altar of an unknown god.
   675 | D:1      | Found a faded altar of an unknown god.
   685 | D:1      | Prayed at the altar of an unknown god.
   685 | D:1      | Became a worshipper of Qazlal Stormbringer
   685 | D:1      | Reached * piety under Qazlal
   685 | D:1      | Reached ** piety under Qazlal
   778 | D:2      | Reached skill level 5 in Polearms
   850 | D:2      | Reached *** piety under Qazlal
   949 | D:2      | Reached XP level 4. HP: 34/35 MP: 4/4
  1171 | D:2      | Identified the +0 robe "Jinuk" {rCorr Int+5 Dex+2}
  1648 | D:3      | Found a white marble altar of Elyvilon.
  1980 | D:3      | Reached XP level 5. HP: 41/41 MP: 5/5
  1984 | D:3      | Reached skill level 6 in Polearms
  2002 | D:3      | Found a shadowy altar of Dithmenos.
  2432 | D:4      | Noticed Edmund
  2471 | D:4      | Killed Edmund
  2472 | D:4      | Reached XP level 6. HP: 15/47 MP: 6/6
  2746 | D:4      | Reached skill level 7 in Polearms
  2746 | D:4      | Reached skill level 5 in Stealth
  2787 | D:4      | Found a glowing golden altar of the Shining One.
  2861 | D:4      | Found Zin's Purification Station.
  2862 | D:4      | Found a glowing silver altar of Zin.
  3121 | D:4      | Reached **** piety under Qazlal
  3340 | D:4      | Reached skill level 8 in Polearms
  3374 | D:4      | Reached XP level 7. HP: 52/52 MP: 7/7
  3430 | D:4      | Reached skill level 9 in Polearms
  3535 | D:4      | Reached ***** piety under Qazlal
  3722 | D:5      | Entered Level 5 of the Dungeon
  3722 | D:5      | Noticed Sigmund
  3726 | D:5      | Killed Sigmund
  3727 | D:5      | Reached skill level 10 in Polearms
  3765 | D:5      | Reached XP level 8. HP: 58/58 MP: 8/8
  3884 | D:5      | Identified the +10 whip of Zuruwat {heavy, rC- MP+9 Dex+7}
  4161 | D:5      | Got the Encyclopedia of Glacial Evolution
  4187 | D:5      | Reached skill level 1 in Invocations
  4368 | D:5      | Reached skill level 11 in Polearms
  4900 | D:6      | Found a snail-covered altar of Cheibriados.
  4976 | D:6      | Reached skill level 12 in Polearms
  4980 | D:6      | Reached skill level 5 in Invocations
  5002 | D:6      | Reached XP level 9. HP: 64/64 MP: 13/13
  5351 | D:6      | Identified the +8 falchion of the Mauling Seer {venom,
                  | Will+ MP+9}
  6001 | D:7      | Noticed a white ugly thing
  6002 | D:7      | Noticed a red ugly thing
  6011 | D:7      | Demolished by a white ugly thing

Illustrated notes

Levels and vault maps discovered:
D:1:      onia_arrival_handbag, layout_loops_ring,
          hellmonk_ecumenical_altar_the_god_not_taken, serial_shops, shop
D:2:      layout_loops_ring
D:3:      layout_basic, nicolae_dithmenos_through_a_glass_darkly,
          elyvilon_altar_1
D:4:      minmay_goblin_kobold_castle, layout_loops_corners, zin_purify,
          nicolae_tso_swordbearing_angel, uniq_edmund
D:5:      layout_basic, moated_statue, minmay_pentangle, uniq_sigmund
D:6:      layout_basic, kennysheep_slug_shrine, nicolae_hexahallways,
          kennysheep_small_square
D:7:      nzn_winding_woodlands_large [nzn_winding_woodlands_5x5_checkerboard,
          nzn_winding_woodlands_5x15_parted,
          nzn_winding_woodlands_5x5_open_star,
          nzn_winding_woodlands_center_diamonds,
          nzn_winding_woodlands_15x15_eel_pit,
          nzn_winding_woodlands_center_triple_pond,
          nzn_winding_woodlands_5x5_default, nzn_winding_woodlands_5x15_crooked,
          nzn_winding_woodlands_5x5_three], layout_loops_ring,
          minmay_temple_entry_fiery, serial_shops, nicolae_shop_stone,
          uniq_joseph

Skill      XL: |  1  2  3  4  5  6  7  8  9 |
---------------+----------------------------+-----
Stealth        | 1 2 3 4 5 |  5.0
Polearms       | 5 6 8 10 12 | 12.0
Invocations    | 5 9 |  9.2
Fighting       | |  3.2
Dodging        | |  4.0

Action                     |  1- 3 |  4- 6 |  7- 9 || total
---------------------------+-------+-------+-------++-------
  Melee: Spear             |   112 |   165 |       ||   277
         Trident           |       |    28 |   114 ||   142
         Whip              |       |       |    92 ||    92
         Tailslap          |       |       |     1 ||     1
         Falchion          |       |       |    32 ||    32
  Throw: Throwing net      |       |     2 |       ||     2
  Evoke: Wand              |       |       |     2 ||     2
    Use: Scroll            |       |       |     1 ||     1
   Stab: Sleeping          |     1 |       |       ||     1
         Held in net/web   |       |     2 |       ||     2
 Armour: Robe              |    12 |     3 |       ||    15
         Ring mail         |       |    10 |    30 ||    40
  Dodge: Dodged            |    43 |    67 |   167 ||   277
         Repelled          |       |       |     2 ||     2
  Block: Orb               |     2 |    15 |    75 ||    92

Action                     |  1- 3 |  4- 6 |  7- 9 || total
---------------------------+-------+-------+-------++-------
  Melee: Spear             |   112 |   165 |       ||   277
         Trident           |       |    28 |   114 ||   142
         Whip              |       |       |    92 ||    92
         Tailslap          |       |       |     1 ||     1
         Falchion          |       |       |    32 ||    32
  Throw: Throwing net      |       |     2 |       ||     2
  Evoke: Wand              |       |       |     2 ||     2
    Use: Scroll            |       |       |     1 ||     1
   Stab: Sleeping          |     1 |       |       ||     1
         Held in net/web   |       |     2 |       ||     2
 Armour: Robe              |    12 |     3 |       ||    15
         Ring mail         |       |    10 |    30 ||    40
  Dodge: Dodged            |    43 |    67 |   167 ||   277
         Repelled          |       |       |     2 ||     2
  Block: Orb               |     2 |    15 |    75 ||    92

Levels and vault maps discovered:
D:1:      onia_arrival_handbag, layout_loops_ring,
          hellmonk_ecumenical_altar_the_god_not_taken, serial_shops, shop
D:2:      layout_loops_ring
D:3:      layout_basic, nicolae_dithmenos_through_a_glass_darkly,
          elyvilon_altar_1
D:4:      minmay_goblin_kobold_castle, layout_loops_corners, zin_purify,
          nicolae_tso_swordbearing_angel, uniq_edmund
D:5:      layout_basic, moated_statue, minmay_pentangle, uniq_sigmund
D:6:      layout_basic, kennysheep_slug_shrine, nicolae_hexahallways,
          kennysheep_small_square
D:7:      nzn_winding_woodlands_large [nzn_winding_woodlands_5x5_checkerboard,
          nzn_winding_woodlands_5x15_parted,
          nzn_winding_woodlands_5x5_open_star,
          nzn_winding_woodlands_center_diamonds,
          nzn_winding_woodlands_15x15_eel_pit,
          nzn_winding_woodlands_center_triple_pond,
          nzn_winding_woodlands_5x5_default, nzn_winding_woodlands_5x15_crooked,
          nzn_winding_woodlands_5x5_three], layout_loops_ring,
          minmay_temple_entry_fiery, serial_shops, nicolae_shop_stone,
          uniq_joseph
